 Dungeon Crawl Stone Soup version 0.30.1-4-g462c640d31 (webtiles) character file.

Game seed: 395730910098537735

460 Almogavar the Slasher (level 6, -1/56 HPs)
             Began as a Minotaur Berserker on Aug 26, 2023.
             Was a Priest of Trog.
             Slain by Duvessa
             ... wielding a +0 rapier
              (6 damage)
             ... on level 4 of the Dungeon.
             The game lasted 00:09:59 (2886 turns).

Almogavar the Slasher (Minotaur Berserker)          Turns: 2886, Time: 00:09:59

Health: -1/56      AC:  4    Str: 23    XL:     6   Next: 78%
Magic:  5/5        EV: 12    Int:  4    God:    Trog [***...]
Gold:   342        SH:  0    Dex: 10    Spells: 5/5 levels left

rFire   . . .        a - +0 falchion
rCold   . . .        (no shield)
rNeg    . . .        d - +0 leather armour
rPois   .            (helmet restricted)
rElec   .            (no cloak)
rCorr   +            (no gloves)
SInv    .            b - +0 pair of boots
Will    ++...        (no amulet)
Stlth   +            j - ring of resist corrosion
HPRegen 1.29/turn    (no ring)
MPRegen 0.09/turn

%: no passive effects
@: strong-willed, regenerating
A: horns 2, retaliatory headbutt
a: Renounce Religion, Berserk, Trog's Hand


You were on level 4 of the Dungeon.
You worshipped Trog.
Trog was most pleased with you.
You visited 1 branch of the dungeon, and saw 4 of its levels.

You collected 342 gold pieces.

Inventory:

Hand Weapons
 a - a +0 falchion (weapon)
 m - a +0 sling
Armour
 b - a +0 pair of boots (worn)
 d - a +0 leather armour (worn)
 g - a +0 scale mail
 o - a +0 chain mail
Jewellery
 j - a ring of resist corrosion (left hand)
Scrolls
 f - 2 scrolls of fear
 h - a scroll of teleportation {unknown}
 i - a scroll of blinking
 l - a scroll of acquirement {unknown}
Potions
 c - a potion of magic
 e - a potion of resistance
 k - a potion of cancellation
 n - a potion of haste {unknown}
 p - a potion of mutation {unknown}


   Skills:
 + Level 5.4 Fighting
 + Level 6.9 Long Blades
 + Level 3.7 Armour
 + Level 3.8 Dodging
 - Level 0.2 Stealth


You had 5 spell levels left.
You didn't know any spells.
Your spell library was empty.

Dungeon Overview and Level Annotations

Branches:
Dungeon (4/15)
 Temple: D:4-7

Altars:
Xom

Shops:
D:2 (   D:4 *

Annotations:
D:4 1 runed translucent door, Dowan; Duvessa; tykejmi's ghost, amateur DsNe


Innate Abilities, Weirdness & Mutations

You have a pair of horns on your head.
You reflexively headbutt those who attack you in melee.


Message History

Duvessa is moderately wounded.
Duvessa hits you with a +0 rapier.
You hit Duvessa but do no damage.
Duvessa is moderately wounded.
Duvessa zaps a wand.
The bolt of light hits you!!
You are confused.
* * * LOW HITPOINT WARNING * * *
The now-empty wand crumbles to dust.
You hear a shout!
You are too confused!
Duvessa attacks as you move away! Duvessa barely misses you.
You barely miss Duvessa.
Duvessa is moderately wounded.
You feel less confused. Duvessa hits you with a +0 rapier!
* * * LOW HITPOINT WARNING * * *
You barely miss Duvessa. You headbutt Duvessa, but do no damage.
Duvessa is moderately wounded.
You completely miss Duvessa. Your headbutt misses Duvessa.
Duvessa is moderately wounded.
Dowan, Brother of Duvessa comes into view.
He is wielding a +0 dagger.
Duvessa hits you but does no damage.
You hit Duvessa but do no damage.
Duvessa is moderately wounded.
Duvessa hits you with a +0 rapier!
* * * LOW HITPOINT WARNING * * *
You hit Duvessa. You headbutt Duvessa.
Duvessa is moderately wounded.
Dowan points at Duvessa and mumbles some strange words.
Duvessa seems to speed up.
Duvessa barely misses you.
You hit Duvessa but do no damage.
Duvessa is moderately wounded.
Duvessa hits you with a +0 rapier.
* * * LOW HITPOINT WARNING * * *
Dowan misses you. You furiously retaliate!
You headbutt Dowan!
Okay, then.
You hit Duvessa but do no damage.
Duvessa is moderately wounded.
Duvessa hits you with a +0 rapier.
You die...

..#..... ..<..
...#... ..... .
......).).. .. .
e...#...# ... .
...#...#####.. .
........#... .
##.......>.### .
##e.###.....#.####.
##.@e##.............
##.....##......# #..#
#.........#..#####..#
##.....#.##.........#
#....#####..#.##....
##...# ##.###.....
##.## ####...... ###
##..... ##.....


You could see Duvessa (fast) and Dowan.

Vanquished Creatures
  An ice beast (D:4)
  An ogre (D:4)
  A bullfrog (D:4)
  An orc priest (D:4)
  An iguana (D:4)
  An orc wizard (D:4)
  4 adders
  An ufetubus (D:4)
  5 worms
  A dart slug (D:2)
  5 orcs
  8 bats
  5 endoplasms
  3 giant cockroaches
  9 hobgoblins
  5 jackals
  2 quokkas
  5 ball pythons
  2 frilled lizards (D:1)
  10 goblins
  5 kobolds
  6 rats
  A spectral goblin (D:1)
83 creatures vanquished.

Notes
Turn   | Place    | Note
-------+----------+-------------------------------------------
     0 | D:1      | Almogavar the Minotaur Berserker began the quest for the
                  | Orb.
     0 | D:1      | Reached XP level 1. HP: 19/19 MP: 0/0
   105 | D:1      | Reached XP level 2. HP: 22/27 MP: 1/1
   164 | D:1      | Reached skill level 4 in Long Blades
   202 | D:1      | Found a faded altar of an unknown god.
   561 | D:1      | Reached ** piety under Trog
   797 | D:1      | Found a shimmering altar of Xom.
   861 | D:2      | Reached XP level 3. HP: 32/33 MP: 2/2
  1051 | D:2      | Found Ticwes's Antique Weapon Boutique.
  1415 | D:3      | Reached XP level 4. HP: 37/41 MP: 3/3
  1574 | D:3      | Reached skill level 5 in Long Blades
  2057 | D:3      | Reached *** piety under Trog
  2250 | D:4      | Noticed an ogre
  2260 | D:4      | Killed an ogre
  2261 | D:4      | Reached XP level 5. HP: 34/47 MP: 4/4
  2318 | D:4      | Found Dimosoul's General Store.
  2376 | D:4      | Reached skill level 5 in Fighting
  2376 | D:4      | Reached skill level 6 in Long Blades
  2383 | D:4      | Reached XP level 6. HP: 36/56 MP: 5/5
  2517 | D:4      | Found a runed translucent door.
  2517 | D:4      | Noticed tykejmi's ghost (amateur DsNe)
  2526 | D:4      | Noticed an ice beast
  2540 | D:4      | Killed an ice beast
  2872 | D:4      | Noticed Duvessa
  2882 | D:4      | Noticed Dowan
  2886 | D:4      | Slain by Duvessa

Illustrated notes

Levels and vault maps discovered:
D:1:      dpeg_arrival_water_altar, layout_loops_ring,
          dreamdust_ecumenical_altar_drowned_temple, st_stairs_11,
          minmay_curled_crystal
D:2:      layout_rooms, serial_shops, shop
D:3:      layout_basic, chequers_serial_rivers_large_b
D:4:      layout_cave_pools, serial_shops, shop, hellmonk_ghost_happy_afterlife,
          kennysheep_small_circle, uniq_duvessa

Skill      XL: |  1  2  3  4  5 |
---------------+----------------+-----
Fighting       | 4 5 |  5.4
Long Blades    | 4 5 6 |  6.9
Armour         | 3 |  3.7
Dodging        | 3 |  3.8
Stealth        | |  0.2

Action                     |  1- 3 |  4- 6 || total
---------------------------+-------+-------++-------
  Melee: Falchion          |    96 |   116 ||   212
         Headbutt          |    18 |    17 ||    35
         Punch             |     3 |     1 ||     4
 Invoke: Berserk           |     1 |     1 ||     2
         Trog's Hand       |       |     1 ||     1
    Use: Scroll            |     4 |     4 ||     8
   Stab: Sleeping          |     1 |       ||     1
 Armour: Animal skin       |     7 |       ||     7
         Leather armour    |     7 |    28 ||    35
  Dodge: Dodged            |    59 |    76 ||   135
